 Dungeon Crawl Stone Soup version 0.28-a0-1182-g381e24db82 (webtiles) character file.

Game seed: 10398928858111039165

7800 bearlyready the Destroyer (level 11, 0/74 HPs)
             Began as a Black Draconian Conjurer on Dec 17, 2021.
             Was an Initiate of Gozag.
             Slain by a death knight (25 damage)
             ... on level 8 of the Dungeon.
             The game lasted 00:30:00 (14689 turns).

bearlyready the Destroyer (DrCj)                   Turns: 14689, Time: 00:30:01

Health: 0/74       AC:  9    Str: 10    XL:     11   Next: 1%
Magic:  19/19      EV: 27    Int: 22    God:    Gozag
Gold:   715        SH:  0    Dex: 10    Spells: 6/20 levels left

rFire   . . .      SeeInvis .   g - +0 dagger (venom)
rCold   . . .      Faith    .   (no shield)
rNeg    . . .      Spirit   .   (armour unavailable)
rPois   .          Reflect  .   (helmet restricted)
rElec   +          Harm     .   (no cloak)
rCorr   .          Rampage  .   (no gloves)
Will    .....                   w - +1 pair of boots
Stlth   ++........              h - amulet of the acrobat
HPRegen 0.22/turn               G - ring of wizardry
MPRegen 0.16/turn               (no ring)

@: brilliant, about to teleport, acrobatic, hasted, very quick
A: breathe lightning, AC +7, unfitting armour, electricity resistance,
cold-blooded
a: Breathe Lightning, Renounce Religion, Potion Petition, Call Merchant, Bribe
Branch


You were on level 8 of the Dungeon.
You worshipped Gozag.
Gozag was pleased with you.
You visited 2 branches of the dungeon, and saw 9 of its levels.
You also visited: Ossuary.

You collected 1287 gold pieces.
You paid 572 gold pieces to Gozag.

Inventory:

Hand Weapons
 c - a +0 dagger
 g - a +0 dagger of venom (weapon)
 o - a +6 spectral club
 E - a +5 long sword
 L - a +2 dagger of holy wrath
Missiles
 q - 4 boomerangs (quivered)
Armour
 w - a +1 pair of boots (worn)
Jewellery
 h - an amulet of the acrobat (around neck)
 l - an amulet of magic regeneration
 G - a ring of wizardry (left hand)
 H - a ring of positive energy
Wands
 n - a wand of polymorph (9)
 u - a wand of mindburst (9)
 v - a wand of flame (33)
 K - a wand of iceblast (10)
Scrolls
 b - a scroll of summoning
 f - 6 scrolls of amnesia
 j - 3 scrolls of teleportation
 k - a scroll of brand weapon
 p - 8 scrolls of identify
 r - a scroll of vulnerability
 y - 2 scrolls of immolation {unknown}
 z - a scroll of enchant weapon {unknown}
 B - 2 scrolls of magic mapping {unknown}
 C - 2 scrolls of silence {unknown}
 D - 2 scrolls of enchant armour
 I - a scroll of fog {unknown}
Potions
 a - 6 potions of curing
 e - a potion of lignification {unknown}
 i - a potion of flight {unknown}
 m - 3 potions of magic {unknown}
 s - 2 potions of heal wounds {unknown}
 t - a potion of invisibility {unknown}
 x - a potion of ambrosia {unknown}
 A - a potion of berserk rage {unknown}
 F - a potion of attraction {unknown}
 J - a potion of brilliance {unknown}


   Skills:
 - Level 1.7 Dodging
 - Level 1.7 Stealth
 + Level 5.4 Spellcasting
 - Level 12.0 Conjurations
 - Level 9.0 Hexes
 + Level 6.9 Air Magic


You had 6 spell levels left.
You knew the following spells:

 Your Spells              Type           Power      Damage    Failure   Level
a - Magic Dart            Conj           100%       1d8       1%          1
b - Searing Ray           Conj           100%       2d8       1%          2
c - Fulminant Prism       Conj/Hex       34%        3d16      1%          4
d - Swiftness             Air            53%        N/A       1%          3
e - Airstrike             Air            26%        N/A       2%          4

Your spell library contained the following spells:

 Spells                   Type           Power      Damage    Failure   Level
 Shock                    Conj/Air       100%       1d9       1%          1
 Dazzling Flash           Conj/Hex       100%       N/A       1%          3
 Summon Guardian Golem    Hex/Summ       38%        N/A       1%          3
 Iskenderun's Mystic Bla  Conj/Tloc      48%        2d11      3%          4
 Summon Small Mammal      Summ           36%        N/A       4%          1
 Call Canine Familiar     Summ           9%         N/A       12%         3


Dungeon Overview and Level Annotations

Branches:
Dungeon (8/15)             Temple (1/1) D:4            Lair (0/6) D:8
Ossuary (visited)

Altars:
Ashenzari
Cheibriados
Dithmenos
Elyvilon
Fedhas
Gozag
Hepliaklqana
Kikubaaqudgha
Makhleb
Nemelex Xobeh
Okawaru
Qazlal
Ru
Sif Muna
Trog
Uskayaw
Vehumet
Wu Jian
Xom
Yredelemnul
Zin
The Shining One

Annotations:
D:6 2 transporters, RancidPinata's ghost, weakling GrDe


Innate Abilities, Weirdness & Mutations

You can breathe wild blasts of lightning.
Your glossy black scales are hard. (AC +7)
You cannot fit into any form of body armour.
You are resistant to electric shocks. (rElec)
You are cold-blooded and may be slowed by cold attacks.


Message History

Press: ? - help, Dir - move target, f - fulminant prism
Aim: a fulminant prism (friendly)
Okay, then.
Throw: throwing net
Press: ? - help, Q - select action, (/) - cycle Shift-Dir - straight line, f - centaur warrior
Aim: a centaur warrior, wielding a +0 shortbow and quivering arrows (lightly wounded, very poisoned, ally target, 62% to hit)
You throw a throwing net.
The throwing net hits the centaur warrior.
The centaur warrior is caught in the net!
The centaur warrior is lightly wounded.
The centaur warrior struggles against the net.
Your fulminant prism explodes!
The blast of energy engulfs the death knight!!
The death knight is moderately wounded.
The blast of energy engulfs the centaur warrior!!
The centaur warrior is moderately wounded.
The death knight reflects your damage back at you!
The death knight hits you from afar with a +0 glaive!!
* * * LOW HITPOINT WARNING * * *
The centaur warrior struggles against the net. x2
Okay, then. [a] - 299 gold - heal wounds, curing and berserk rage [b] - 540 gold - heal wounds, magic, haste and brilliance [c] - 406 gold - resistance and might Purchase which effect?
You no longer have enough gold to fund merchants seeking to open stores in the dungeon.
You feel much better. Magic courses through your body.
You feel yourself speed up.
You feel clever all of a sudden.
The centaur warrior struggles against the net.
The net rips apart, and the centaur warrior comes free!
There is an open door here.
The death knight's dark mirror aura disappears.
There is an open door here.
You close the door.
As you read the scroll of teleportation, it crumbles to dust.
You feel strangely unstable.
A centaur warrior breaks down the door.
The death knight hits you from afar with a +0 glaive!!
You die...
Your body crumbles into a pile of gold.

##.#......##<[#############...#
###..###.##..#...# #...# #
##.##...#..#...'. ##### ..
...##.##..#...#..
.....####.##..##'##########
#.... #.#####...#[.$#...#
#....####..#..#...#...p...#
#......#..###.#...# #...#
#......##..##@#######'##
#.##.#..##.#...#...#...#
###.....'...pc..'...#
#......#...#...#...#
#.[....#############
#.......... #............#
..............#
................


You could see a death knight and a centaur warrior (poisoned).

Vanquished Creatures
  Pikel (D:5)
  A cyclops (D:8)
  Joseph (D:8)
  Prince Ribbit (D:7)
  A wraith (D:8)
  A basilisk (D:8)
  4 wyverns
  5 yaks
  A vampire mosquito (D:8)
  3 steam dragons
  Menkaure (D:5)
  A naga (shapeshifter) (D:8)
  Edmund (D:4)
  4 water moccasins
  An orc warrior (D:6)
  3 ice beasts
  A black bear (D:6)
  A necrophage (D:6)
  2 ogres
  A centaur (D:8)
  A phantom (D:6)
  5 bullfrogs
  A water moccasin zombie (D:5)
  12 scorpions (Ossuary)
  A water moccasin skeleton (D:6)
  2 howler monkeys
  5 wights (D:6)
  A bullfrog zombie (D:5)
  6 centaur zombies
  2 hounds
  4 orc priests
  A gnoll shaman (D:5)
  A centaur skeleton (D:6)
  2 human zombies (Ossuary)
  A bullfrog skeleton (D:6)
  Jessica (D:3)
  6 iguanas
  3 scorpion zombies (Ossuary)
  8 orc wizards
  A hound zombie (D:5)
  3 mummies (Ossuary)
  Robin (D:4)
  2 howler monkey skeletons
  7 adders
  4 gnolls (D:5)
  A shadow imp (D:8)
  A white imp (D:6)
  2 ufetubi
  A worm (D:3)
  A dart slug (D:1)
  29 orcs
  2 ball pythons
  2 bats (D:2)
  5 endoplasms
  3 giant cockroaches
  8 goblins
  13 hobgoblins
  3 jackals (D:2)
  5 quokkas
  5 frilled lizards
  2 gnoll zombies (Ossuary)
  A goblin zombie (Ossuary)
  2 hobgoblin zombies (Ossuary)
  4 kobolds
  A kobold zombie (Ossuary)
  5 orc zombies (Ossuary)
  4 rats
  A spectral goblin (D:3)
217 creatures vanquished.

Vanquished Creatures (others)
  49 fulminant prisms
  2 fungi (D:8)
  19 plants
70 creatures vanquished.

Grand Total: 287 creatures vanquished

Notes
Turn   | Place    | Note
-------+----------+-------------------------------------------
     0 | D:1      | bearlyready the Draconian Conjurer began the quest for the
                  | Orb.
     0 | D:1      | Reached XP level 1. HP: 14/14 MP: 3/3
   615 | D:1      | Reached XP level 2. HP: 12/20 MP: 0/5
  1809 | D:2      | HP: 1/20 [quokka (3)]
  1818 | D:2      | HP: 1/20 [quokka (4)]
  1821 | D:2      | Reached skill level 5 in Conjurations
  2185 | D:2      | Reached XP level 3. HP: 26/26 MP: 6/6
  3032 | D:3      | Learned a level 2 spell: Searing Ray
  3163 | D:3      | Noticed Jessica
  3167 | D:3      | Killed Jessica
  3168 | D:3      | Reached XP level 4. HP: 27/33 MP: 3/7
  3181 | D:3      | Found a faded altar of an unknown god.
  3426 | D:3      | Noticed an ogre
  3928 | D:3      | Reached skill level 6 in Conjurations
  4028 | D:3      | Killed an ogre
  4029 | D:3      | Reached XP level 5. HP: 38/38 MP: 3/8
  4302 | D:4      | Learned a level 4 spell: Fulminant Prism
  4324 | D:4      | Noticed Edmund
  4354 | D:4      | Killed Edmund
  4355 | D:4      | Reached skill level 7 in Conjurations
  4355 | D:4      | Reached skill level 1 in Hexes
  4355 | D:4      | Reached XP level 6. HP: 29/45 MP: 3/9
  4765 | D:4      | Noticed Robin
  4795 | D:4      | Killed Robin
  5323 | D:4      | Found a staircase to the Ecumenical Temple.
  5348 | Temple   | Entered the Ecumenical Temple
  5664 | Temple   | Became a worshipper of Gozag Ym Sagoz the Greedy
  5937 | D:5      | Entered Level 5 of the Dungeon
  6012 | D:5      | Noticed Pikel
  6028 | D:5      | Your scales start taking on a glossy black colour.
  6028 | D:5      | Reached XP level 7. HP: 50/50 MP: 10/10
  6028 | D:5      | Gained mutation: You are resistant to electric shocks.
                  | (rElec) [Black Draconian growth]
  6051 | D:5      | Killed Pikel
  6052 | D:5      | Reached skill level 8 in Conjurations
  6174 | D:5      | Reached XP level 8. HP: 29/57 MP: 2/11
  6441 | D:5      | Reached skill level 5 in Hexes
  6554 | D:5      | Identified the +1 ring mail of Plasticity {rF+}
  6693 | D:5      | Reached skill level 9 in Conjurations
  6972 | D:5      | Noticed Menkaure
  7064 | D:5      | Killed Menkaure
  7704 | D:6      | Found a transporter.
  7705 | D:6      | Noticed RancidPinata's ghost (weakling GrDe)
  7835 | D:6      | Reached skill level 10 in Conjurations
  8133 | D:7      | Reached XP level 9. HP: 46/62 MP: 12/12
  8332 | D:7      | Found a sand-covered staircase.
  8338 | Ossuary  | Entered an ossuary
  9196 | Ossuary  | Reached skill level 11 in Conjurations
  9726 | D:6      | Noticed Prince Ribbit
  9762 | D:7      | Killed Prince Ribbit
 10326 | D:6      | Reached XP level 10. HP: 64/65 MP: 8/13
 10690 | D:6      | Found a transporter.
 11410 | D:7      | Learned a level 3 spell: Swiftness
 11470 | D:7      | Found a radiant altar of Vehumet.
 12034 | D:8      | Reached skill level 1 in Air Magic
 12090 | D:7      | Reached skill level 12 in Conjurations
 12347 | D:7      | HP: 3/69 [wyvern (10)]
 12985 | D:8      | Noticed Joseph
 13510 | D:8      | Found a staircase to the Lair.
 13524 | D:8      | Reached skill level 5 in Air Magic
 13534 | D:8      | Learned a level 4 spell: Airstrike
 13623 | D:8      | Killed Joseph
 13802 | D:8      | Noticed a cyclops
 13811 | D:8      | Killed a cyclops
 13812 | D:8      | Reached skill level 5 in Spellcasting
 14464 | D:8      | Reached XP level 11. HP: 28/74 MP: 8/19
 14670 | D:8      | Noticed a centaur warrior
 14672 | D:8      | Noticed a death knight
 14676 | D:8      | HP: 3/74 [death knight (27)]
 14689 | D:8      | Slain by a death knight

Illustrated notes

Levels and vault maps discovered:
D:1:      onia_arrival_mini_maze, layout_loops_ring, serial_bayou_ford_a
D:2:      layout_basic
D:3:      layout_basic, dreamdust_ecumenical_altar_drowned_temple, uniq_jessica
D:4:      layout_loops_ring, minmay_temple_entry_statues_pillars, uniq_edmund,
          uniq_robin
D:5:      layout_loops_ring, uniq_pikel, uniq_menkaure
D:6:      layout_basic, gammafunk_ghost_smash, uniq_prince_ribbit1
D:7:      layout_loops_cross, mainiacjoe_overflow_cross_hatched,
          nicolae_ossuary_entry_plus
D:8:      layout_cave_pools, minmay_lair_entry_grove, st_stairs_3,
          minmay_evil_grid, uniq_joseph
Temple:   mainiacjoe_temple_circle_huts

Skill      XL: |  1  2  3  4  5  6  7  8  9 10 |
---------------+-------------------------------+-----
Conjurations   | 5 6 7 8 10 11 12 | 12.0
Hexes          | 1 2 4 6 8 9 |  9.0
Air Magic      | 6 |  6.9
Spellcasting   | 5 |  5.4
Dodging        | |  1.7
Stealth        | |  1.7

Action                   |  1- 3 |  4- 6 |  7- 9 | 10-12 || total
-------------------------+-------+-------+-------+-------++-------
Melee: Unarmed           |    76 |       |       |       ||    76
       Tailslap          |     9 |    14 |    38 |    16 ||    77
       Dagger            |    32 |   125 |   356 |   184 ||   697
Throw: Throwing net      |     1 |       |       |     5 ||     6
       Boomerang         |       |       |       |     3 ||     3
 Cast: Magic Dart        |    45 |    19 |     2 |     1 ||    67
       Searing Ray       |       |    10 |    26 |    12 ||    48
       Fulminant Prism   |       |       |    21 |    29 ||    50
       Airstrike         |       |       |       |     4 ||     4
       Swiftness         |       |       |       |     1 ||     1
Invok: Potion Petition   |       |       |       |     1 ||     1
 Abil: Breathe Lightning |       |       |     1 |     2 ||     3
Evoke: Wand              |       |       |     1 |     5 ||     6
  Use: Potion            |     1 |       |       |     2 ||     3
       Scroll            |       |       |     7 |     2 ||     9
 Stab: Sleeping          |     2 |     4 |     1 |       ||     7
       Distracted        |       |       |     1 |       ||     1
Armor: Skin              |    22 |    33 |   153 |   104 ||   312
Dodge: Dodged            |    64 |    86 |   272 |   180 ||   602

Table legend: (Time is in decaauts)
 A = Elapsed time spent in this place.
 B = Non-inter-level travel time spent in this place.
 C = Inter-level travel time spent in this place.
 D = Time resting spent in this place.
 E = Time spent auto-exploring this place.
 F = Levels seen in this place.
 G = Mean time per level.
                   A        B        C        D        E       F      G
               +--------+--------+--------+--------+--------+-----+--------+
         Total |  14735 |  14278 |    457 |   1237 |  10305 |  10 | 1473.5 |
       Dungeon |  13031 |  12608 |    423 |    992 |   9213 |   8 | 1628.9 |
        Temple |    337 |    303 |     34 |      0 |    271 |   1 |  337.0 |
       Ossuary |   1366 |   1366 |      0 |    245 |    821 |   1 | 1366.0 |
               +--------+--------+--------+--------+--------+-----+--------+

Top non-repeatable levels by time:
     D:7: 2340 daAuts
     D:6: 1957 daAuts
     D:5: 1859 daAuts
     D:2: 1753 daAuts
     D:4: 1367 daAuts
 Ossuary: 1366 daAuts
     D:1: 1277 daAuts
     D:8: 1251 daAuts
     D:3: 1225 daAuts
  Temple: 337 daAuts
